 Dungeon Crawl Stone Soup version 0.29.1-1-gd02db6906a (webtiles) character file.

Game seed: 6466095732811939381

202 0gre the Chiller (level 5, -1/38 HPs)
             Began as a Gnoll Ice Elementalist on Oct 18, 2022.
             Slain by Menkaure (23 damage)
             ... on level 4 of the Dungeon.
             The game lasted 00:14:02 (3706 turns).

0gre the Chiller (Gnoll Ice Elementalist)           Turns: 3706, Time: 00:14:02

Health: -1/38      AC:  2    Str:  7    XL:     5   Next: 80%
Magic:  7/12       EV: 13    Int: 16    God:
Gold:   255        SH:  5    Dex: 13    Spells: 6/14 levels left

rFire   . . .      SeeInvis .   a - +0 war axe
rCold   . . .      Faith    .   (no shield)
rNeg    . . .      Spirit   .   d - +0 robe
rPois   +          Reflect  +   (no helmet)
rElec   .          Harm     .   (no cloak)
rCorr   .          Rampage  .   (no gloves)
Will    .....                   (no boots)
Stlth   +++.......              t - amulet of reflection
HPRegen 0.12/turn               c - ring of poison resistance
MPRegen 0.13/turn               k - ring of wizardry

@: no status effects
A: fangs 1, strong nose, distributed training
a: no special abilities


You were on level 4 of the Dungeon.
You visited 1 branch of the dungeon, and saw 4 of its levels.

You collected 255 gold pieces.

Inventory:

Hand Weapons
 a - a +0 war axe (weapon)
 b - a +0 sling
Missiles
 n - 3 poisoned darts (quivered)
 u - 2 boomerangs
Armour
 d - a +0 robe (worn)
Jewellery
 c - a ring of poison resistance (left hand)
 k - a ring of wizardry (right hand)
 q - a +6 ring of dexterity
 t - an amulet of reflection (around neck)
Scrolls
 e - a scroll of vulnerability {unknown}
 i - 3 scrolls of teleportation {unknown}
 j - 2 scrolls of fear {unknown}
 l - a scroll of blinking {unknown}
 p - a scroll of enchant weapon {unknown}
 r - a scroll of poison {unknown}
 v - a scroll of amnesia {unknown}
Potions
 f - a potion of flight {unknown}
 g - 2 potions of magic
 m - a potion of lignification
 o - 2 potions of curing
 s - a potion of cancellation {unknown}
 w - a potion of attraction {unknown}


   Skills:
 + Level 1.7 Fighting
 + Level 1.7 Short Blades
 + Level 1.7 Long Blades
 + Level 1.7 Axes
 + Level 1.7 Maces & Flails
 + Level 1.7 Polearms
 + Level 1.7 Staves
 + Level 1.7 Ranged Weapons
 + Level 1.7 Throwing
 + Level 1.7 Armour
 + Level 4.9 Dodging
 + Level 4.5 Stealth
 + Level 1.7 Shields
 + Level 1.7 Unarmed Combat
 + Level 5.2 Spellcasting
 + Level 1.3 Conjurations
 + Level 1.3 Hexes
 + Level 1.3 Summonings
 + Level 1.3 Necromancy
 + Level 1.3 Translocations
 + Level 1.3 Transmutations
 + Level 1.3 Fire Magic
 + Level 7.2 Ice Magic
 + Level 1.3 Air Magic
 + Level 1.3 Earth Magic
 + Level 1.3 Poison Magic
 + Level 1.9 Invocations
 + Level 1.7 Evocations


You had 6 spell levels left.
You knew the following spells:

 Your Spells              Type           Power      Damage    Failure   Level
a - Freeze                Ice            100%       1d11      1%          1
b - Frozen Ramparts       Ice            54%        1d9       1%          3
c - Hailstorm             Conj/Ice       18%        3d6       11%         4

Your spell library contained the following spells:

 Spells                   Type           Power      Damage    Failure   Level
 Ozocubu's Armour         Ice            27%        N/A       1%          3


Dungeon Overview and Level Annotations

Branches:
Dungeon (4/15)
 Temple: D:4-7

Altars:

Shops:
D:2 =(

Annotations:
D:4 Menkaure


Innate Abilities, Weirdness & Mutations

You have very sharp teeth.
Your uncanny sense of smell can sniff out nearby items.
Your experience applies equally to all skills.


Message History

Your frozen ramparts will break if you move.
Continue? [Y]es or [N]o only, please.
Your frozen ramparts will break if you move.
Continue?
Okay, then.
You feel much better.
The frozen ramparts melt away.
Menkaure closely misses you.
You hit Menkaure.
Menkaure is heavily damaged.
Menkaure hits you! You block Menkaure's attack.
You barely miss Menkaure.
Menkaure is heavily damaged.
Menkaure completely misses you. Menkaure misses you.
You hit Menkaure but do no damage.
Menkaure is heavily damaged.
Menkaure forgets how to speak, silenced by the ages.
Menkaure gestures at you while chanting.
Pain shoots through your body!
You barely miss Menkaure.
Menkaure is heavily damaged.
You block Menkaure's attack.
Menkaure whispers in an indecipherable tongue.
Menkaure barely misses you. Menkaure attacks as you move away!
Menkaure closely misses you. Menkaure hits you!!
Ouch! That really hurt!
* * * LOW HITPOINT WARNING * * *
Menkaure calls on the powers of darkness!
Your body is wracked with pain!
* * * LOW HITPOINT WARNING * * *
Casting: Frozen Ramparts (safe; 1% risk of failure)
Confirm with . or Enter, or press ? or * to list all spells.
The spell is quite dangerous to miscast (11% risk of failure)!
Continue anyway?
Casting: Hailstorm (quite dangerous; 11% risk of failure)
Press: ? - help, Dir - look around, f - activate A cannonade of hail descends around you!
The hail pelts Menkaure!
Menkaure partially resists.
Menkaure is severely damaged.
You feel much better. Menkaure hits you!!
Ouch! That really hurt!
You die...

....##....##.........
.......##..#...#....#
......##.##...#....#
##...##.##......###
#.....#.#†........#
#.......†.......... #
##......#...##......
.#.##...M##.##......##..
....>..@.##..##.....# ..
.........##.###......
....#......<##.......#
....#.............###
.........#........#
.......##.##.....##
..........#.......#
#.....##..........# .
......#.##........## .#


You could see Menkaure (fast).

Vanquished Creatures
  A hound (D:4)
  A jelly (D:4)
  An orc wizard (D:3)
  5 adders
  A white imp (D:4)
  11 orcs
  3 ball pythons
  3 bats
  5 endoplasms
  A giant cockroach (D:2)
  4 goblins
  5 hobgoblins
  3 quokkas
  A frilled lizard (D:1)
  6 kobolds
  9 rats
60 creatures vanquished.

Vanquished Creatures (others)
  2 fungi (D:2)
  A plant (D:2)
3 creatures vanquished.

Grand Total: 63 creatures vanquished

Notes
Turn   | Place    | Note
-------+----------+-------------------------------------------
     0 | D:1      | 0gre the Gnoll Ice Elementalist began the quest for the
                  | Orb.
     0 | D:1      | Reached XP level 1. HP: 13/13 MP: 6/6
   469 | D:1      | Reached XP level 2. HP: 19/19 MP: 7/7
  1102 | D:2      | Found Aghos's Weapon Emporium.
  1103 | D:2      | Found Zaov's Jewellery Shop.
  1284 | D:2      | Reached skill level 5 in Spellcasting
  1284 | D:2      | Reached XP level 3. HP: 10/25 MP: 3/9
  1476 | D:2      | Learned a level 3 spell: Frozen Ramparts
  1512 | D:2      | Reached skill level 1 in Invocations
  1617 | D:2      | Reached skill level 1 in Fighting
  1617 | D:2      | Reached skill level 1 in Short Blades
  1617 | D:2      | Reached skill level 1 in Long Blades
  1617 | D:2      | Reached skill level 1 in Axes
  1617 | D:2      | Reached skill level 1 in Maces & Flails
  1617 | D:2      | Reached skill level 1 in Polearms
  1617 | D:2      | Reached skill level 1 in Staves
  1617 | D:2      | Reached skill level 1 in Ranged Weapons
  1617 | D:2      | Reached skill level 1 in Throwing
  1617 | D:2      | Reached skill level 1 in Armour
  1617 | D:2      | Reached skill level 1 in Shields
  1617 | D:2      | Reached skill level 1 in Unarmed Combat
  1617 | D:2      | Reached skill level 1 in Evocations
  1721 | D:2      | Reached XP level 4. HP: 32/32 MP: 7/11
  2111 | D:2      | Found a faded altar of an unknown god.
  2190 | D:2      | Learned a level 4 spell: Hailstorm
  2534 | D:3      | Reached skill level 1 in Conjurations
  2534 | D:3      | Reached skill level 1 in Hexes
  2534 | D:3      | Reached skill level 1 in Summonings
  2534 | D:3      | Reached skill level 1 in Necromancy
  2534 | D:3      | Reached skill level 1 in Translocations
  2534 | D:3      | Reached skill level 1 in Transmutations
  2534 | D:3      | Reached skill level 1 in Fire Magic
  2534 | D:3      | Reached skill level 1 in Air Magic
  2534 | D:3      | Reached skill level 1 in Earth Magic
  2534 | D:3      | Reached skill level 1 in Poison Magic
  2742 | D:3      | Reached XP level 5. HP: 32/37 MP: 8/12
  3679 | D:4      | Noticed Menkaure
  3706 | D:4      | Slain by Menkaure

Illustrated notes

Levels and vault maps discovered:
D:1:      wander_arrival_desolate, layout_basic, dreamdust_wishing_well,
          bh_walls_and_bars
D:2:      layout_basic, shapermc_ecumenical_altar_mp_urbaneastern, serial_shops,
          shop_coins, nicolae_shop_waterfront
D:3:      layout_loops_ring
D:4:      layout_cave_pools, portal_sewer_entry_d, wad_floor_pattern_2,
          uniq_menkaure, uniq_pikel, uniq_blork_the_orc

Skill      XL: |  1  2  3  4 |
---------------+-------------+-----
Spellcasting   | 5 |  5.2
Invocations    | 1 |  1.9
Fighting       | 1 |  1.7
Short Blades   | 1 |  1.7
Long Blades    | 1 |  1.7
Axes           | 1 |  1.7
Maces & Flails | 1 |  1.7
Polearms       | 1 |  1.7
Staves         | 1 |  1.7
Ranged Weapons | 1 |  1.7
Throwing       | 1 |  1.7
Armour         | 1 |  1.7
Shields        | 1 |  1.7
Unarmed Combat | 1 |  1.7
Evocations     | 1 |  1.7
Conjurations   | 1 |  1.3
Hexes          | 1 |  1.3
Summonings     | 1 |  1.3
Necromancy     | 1 |  1.3
Translocations | 1 |  1.3
Transmutations | 1 |  1.3
Fire Magic     | 1 |  1.3
Air Magic      | 1 |  1.3
Earth Magic    | 1 |  1.3
Poison Magic   | 1 |  1.3
Dodging        | |  4.9
Stealth        | |  4.5
Ice Magic      | |  7.2

Action                   |  1- 3 |  4- 6 || total
-------------------------+-------+-------++-------
Melee: Whip              |     7 |       ||     7
       Dagger            |     2 |       ||     2
       Bite              |     1 |     4 ||     5
       Flail             |     9 |     5 ||    14
       War axe           |       |    41 ||    41
 Fire: Sling             |    19 |    35 ||    54
Throw: Dart              |     4 |     2 ||     6
 Cast: Freeze            |    12 |     2 ||    14
       Frozen Ramparts   |     3 |     5 ||     8
       Hailstorm         |       |     1 ||     1
  Use: Scroll            |       |     3 ||     3
       Potion            |       |     2 ||     2
 Stab: Sleeping          |     2 |       ||     2
Armor: Robe              |     1 |     1 ||     2
Dodge: Dodged            |    15 |    38 ||    53
Block: Other             |       |     5 ||     5
